Mandevil, lawful female human Samurai --- ------------------ --- ---- |.|---|................|---- |)- --..| |.|...|................|??*| |. |...| |.|...-..--|--.........| ).| |. ----...| |.|.. |..|...|..-----..| |. --. ------......| ----- |.-----..|...|--|(..|..--%--- - ..--..--.......| --...-- ----- |........|...| |(..[.............- -.....).)..>...| |.....| -----.|.--|........|---| |.(.|....[.-- - | |..--.....---..-- |.....---.--......|.----...|(((| ------..{...| |..||-....--|...| |......|............| -...|(((|.............| |..--......|--..--- |..........--<....-.| |...|.@.|- -.....---|-------------.|........| |....| --.....|..----......----...--|-| |..-|-|..................|.....--- |.--.- ---..---.| |....|...|......d@| |. |. -----....---------.|--...| |.| ---- |.-- ---..|...|..#.)..@---- |. %.-....| |.| |..-- |.| ---..-- --.|...|-....{........| |%%.|..).-. |.------ |.| --.....| |.....--..|....#.....- -----....|... |..| |.-- --......--- --....@...|-............ ..[..|---- --.| --..-- --..........| ....-..--.|----.--------- -..--- --- |....| |..--..-.-..| --.-. #--- ...| |....| |..|--- .--. --. -..| --..-- ---- # ---- ---- Mandevil the Ronin Experience level: 5 Strength: 16 Dexterity: 17 Constitution: 18 Intelligence: 10 Wisdom: 8 Charisma: 7 Health: 0(69) Energy: 27(27) Def: 7 Gold: 89 Moves: 1253 Dungeon seed: dll1IzA5cbv1gQfn Game ID: Mandevil_1561472522 Your Inventory: Coins $ - 89 gold pieces Weapons a - an uncursed +0 katana (weapon in hand) b - a blessed +0 wakizashi (alternate weapon; not wielded) c - an uncursed +0 yumi d - 41 uncursed +0 ya (in quiver) o - 21 uncursed +0 arrows Armor n - an uncursed +0 pair of speed boots (being worn) v - an uncursed rustproof +0 splint mail (being worn) w - an uncursed +0 dwarvish cloak x - an uncursed +1 dwarvish cloak Scrolls g - an uncursed scroll of teleportation i - an uncursed scroll of enchant weapon k - a blessed scroll of light m - an uncursed scroll of scare monster p - a blessed scroll of teleportation u - an uncursed scroll of food detection Potions s - an uncursed potion of fruit juice Wands h - an uncursed wand of light (0:11) Tools f - an uncursed oil lamp (0:1359) j - 10 uncursed tallow candles (0:200) l - an uncursed +0 grappling hook R - an uncursed blindfold Gems q - an uncursed worthless piece of yellow glass r - an uncursed worthless piece of red glass y - 2 uncursed worthless pieces of white glass z - 2 uncursed worthless pieces of blue glass N - an uncursed worthless piece of violet glass Y - an uncursed worthless piece of yellowish brown glass Spells and supernatural/magical abilities: Name Level Category Cost Memory W - pray for help -- divine ? -- Your skills at the end: Fighting Skills martial arts [Basic] wands [Basic] Weapon Skills short sword [Basic] long sword [Basic] bow [Basic] Spellcasting Skills Final Attributes: You were piously aligned. You were very fast. Amaterasu Omikami was noncommittal. You are dead. Vanquished creatures: a large cat a dog 3 gnome lords a kitten an iguana 17 gnomes a gecko 6 jackals a fox a kobold 3 grid bugs 2 lichens 5 newts 43 creatures vanquished. Voluntary challenges: You were an atheist. You used a wielded weapon 69 times, starting on turn 253. You were illiterate. You never genocided any monsters. You never polymorphed an object. You never changed form. You used no wishes. You never split a pudding. You never wrote Elbereth's name. You never violated your personal moral code. Dungeon overview: The Dungeons of Doom: levels 1 to 2 Level 1 some fountains a long staircase Level 2 a weapon shop, a fountain, a vault stairs to The Gnomish Mines The Gnomish Mines: levels 3 to 5 Level 3 stairs to The Dungeons of Doom Level 4 Level 5 <- You were here many shops, some fountains, some trees History has recorded: On T:1 you entered the Dungeons of Doom to retrieve the Amulet of Yendor! On T:309 you reached level 2 of The Dungeons of Doom. On T:436 you advanced to experience level 2. On T:692 you reached level 1 of The Gnomish Mines. On T:700 you advanced to experience level 3. On T:765 you advanced to experience level 4. On T:911 you reached level 2 of The Gnomish Mines. On T:929 you reached level 3 of The Gnomish Mines. On T:1033 you advanced to experience level 5. Score breakdown: Gold: 89 ( 6647 points) Experience: 5 levels (11141 points) Exploration: 5 levels ( 10.20%) ( 8660 points) Discoveries: 5 items ( 2.00%) ( 4242 points) Valuables value: (no points given unless you survive) Artifact value: 0 ( 0 points) Variety of kills: 13 monsters ( 3.42%) ( 5548 points) Turncount: 1253 turns ( 0 points) Survival: died (score multiplied by 80%) Total score: 28990 Latest messages: Alik displaces the watchman. You displace the watchman. "Irasshaimase, Mandevil! Welcome to Izchak's lighting store!" "Will you please leave your pick-axe outside?" You drop a pick-axe. "Irasshaimase, Mandevil! Welcome again to Izchak's lighting store!" You see here an oil lamp (15 zorkmids). The Green-elf swings his elven broadsword at you. The Green-elf hits! You displace Alik. You see here a pick-axe. You hit the Green-elf! The Green-elf swings his elven broadsword at you. The Green-elf hits! You hit the Green-elf. The Green-elf swings his elven broadsword at you. The Green-elf hits! You hit the Green-elf! You miss the Green-elf. The Green-elf swings his elven broadsword at you. The Green-elf hits! You die... Izchak looks at your corpse, shakes his head, and sighs. For some reason, you think that you can almost hear the Wizard laugh manically... Final status: Sayonara Mandevil the Samurai, killed by a Green-elf... You died in The Gnomish Mines on dungeon level 5 with 28990 points, and 89 pieces of gold, after 1253 moves. You were level 5 with a maximum of 69 hit points when you died.